 Dungeon Crawl Stone Soup version 0.18-a0-1773-gec4f98e (console) character file.

298 MenacingMecha the Cleaver (level 6, 0/50 HPs)
             Began as a Hill Orc Gladiator on Apr 15, 2016.
             Slain by Grinder (5 damage)
             ... on level 3 of the Dungeon.
             The game lasted 00:41:11 (3474 turns).

MenacingMecha the Cleaver (Hill Orc Gladiator)      Turns: 3474, Time: 00:41:11

Health: 0/50       AC: 10    Str: 18    XL:     6   Next: 36%
Magic:  6/6        EV:  8    Int:  8    God:
Gold:   132        SH:  0    Dex: 13    Spells: 0 memorised, 5 levels left

rFire  . . .     SeeInvis .     a - +0 war axe
rCold  . . .     Gourm    .     i - +0 chain mail
rNeg   . . .     Faith    .     (no shield)
rPois  .         Spirit   .     c - +0 helmet
rElec  .         Dismiss  .     l - +0 cloak
rCorr  .         Reflect  .     (no gloves)
SustAt .         Harm     .     (no boots)
MR     .....                    (no amulet)
Stlth  ..........               (no ring)
                                (no ring)

@: not resistant to hostile enchantments, extremely unstealthy
A: no striking features
a: no special abilities


You were on level 3 of the Dungeon.
You were hungry.

You visited 1 branch of the dungeon, and saw 4 of its levels.

You collected 132 gold pieces.

Inventory:

Hand Weapons
 a - a +0 war axe (weapon)
Missiles
 d - 3 throwing nets
 m - 36 poisoned needles
 r - 4 tomahawks (quivered)
Armour
 b - a +0 leather armour
 c - a +0 helmet (worn)
 e - a +0 ring mail
 i - a +0 chain mail (worn)
 l - a +0 cloak (worn)
Scrolls
 j - a scroll of teleportation
 k - 4 scrolls of remove curse {unknown}
 n - 2 scrolls of identify {unknown}
 q - a scroll of recharging {unknown}
 s - a scroll of enchant armour {unknown}
Potions
 o - a potion of agility {unknown}
 t - a potion of curing
Comestibles
 f - 4 bread rations
 g - 2 beef jerkies
 h - 3 meat rations
 p - 3 chunks of flesh


   Skills:
 - Level 2.4 Fighting
 - Level 9.0 Axes
 - Level 1.7 Throwing
 + Level 0.4 Armour
 + Level 2.5 Dodging


You had 5 spell levels left.
You didn't know any spells.

Dungeon Overview and Level Annotations

Branches:
Dungeon (4/15)
 Temple: D:4-7

Altars:
Dithmenos
Xom

Annotations:
D:2 gnoll pack, Robin
D:3 Grinder


Message History

Grinder is severely wounded.
Grinder hits you but does no damage.
You hit Grinder.
Grinder is severely wounded.
Grinder hits you.
You writhe in agony.
You slash Grinder!
Grinder is almost dead.
Grinder hits you.
You writhe in agony.
You hit Grinder.
Grinder is almost dead.
Grinder hits you.
* * * LOW HITPOINT WARNING * * *
You writhe in agony.
* * * LOW HITPOINT WARNING * * *
You closely miss Grinder.
Grinder is almost dead.
Grinder hits you.
* * * LOW HITPOINT WARNING * * *
You writhe in agony.
You die...

.....#......................#....
.....#....................###....
).........................#......
....##.........###..........#....
....##.........###..........##.#.
.....)...........#.............#.
..........................#....#.
##.......###.......###....#.#....
.#.......#####.5@.........#......
.#.......##...............#......
.........##...................())
.........##............##...#.(.(
.........##...#................##
..............#................##
..............#................##
#.............#............##....
#.............#####........##....


You could see Grinder.

Vanquished Creatures
  An orc priest (D:4)
  3 worker ants
  5 gnolls
  3 adders
  An ooze (D:2)
  2 worms
  4 dart slugs
  A giant gecko (D:2)
  16 orcs
  4 bats
  3 giant cockroaches
  18 goblins
  5 hobgoblins
  3 jackals (D:2)
  3 giant newts
  8 kobolds
  9 rats
89 creatures vanquished.

Notes
Turn   | Place    | Note
--------------------------------------------------------------
     0 | D:1      | MenacingMecha the Hill Orc Gladiator began the quest for the Orb.
     0 | D:1      | Reached XP level 1. HP: 18/18 MP: 1/1
   277 | D:1      | Reached XP level 2. HP: 25/25 MP: 2/2
   371 | D:1      | Reached skill level 5 in Axes
   650 | D:2      | Reached XP level 3. HP: 6/30 MP: 3/3
  1101 | D:1      | Reached skill level 6 in Axes
  1127 | D:2      | Reached XP level 4. HP: 32/37 MP: 4/4
  1275 | D:2      | Found a shimmering altar of Xom.
  1290 | D:2      | Reached skill level 7 in Axes
  1700 | D:2      | Reached XP level 5. HP: 42/42 MP: 5/5
  1902 | D:2      | Noticed Robin
  2457 | D:3      | Reached skill level 8 in Axes
  2648 | D:3      | Found a shadowy altar of Dithmenos.
  2725 | D:4      | Noticed Grinder
  3251 | D:4      | Reached XP level 6. HP: 47/50 MP: 6/6
  3350 | D:4      | Reached skill level 9 in Axes
  3474 | D:3      | Slain by Grinder

Vault maps used:
D:1:      wheals_arrival_shading
D:2:      kennysheep_goblin_castle, tgw_xom
D:3:      nicolae_dithmenos_through_a_glass_darkly, first_bread
D:4:      uniq_grinder, uniq_menkaure

Skill      XL: |  1  2  3  4  5  6 |
---------------+-------------------+-----
Axes           | 5 6 7 8 9 |  9.0
Fighting       | |  2.4
Throwing       | |  1.7
Armour         | |  0.4
Dodging        | |  2.5

Action                   |  1- 3 |  4- 6 || total
-------------------------+-------+-------++-------
Melee: War axe           |    89 |   198 ||   287
Throw: Throwing net      |     2 |       ||     2
       Tomahawk          |       |     3 ||     3
  Use: Potion            |     1 |       ||     1
       Scroll            |       |     1 ||     1
 Stab: Held in net/web   |     1 |       ||     1
  Eat: Chunk             |     1 |     7 ||     8
Armor: Ring mail         |    34 |    13 ||    47
       Chain mail        |       |   101 ||   101
Dodge: Dodged            |    55 |    78 ||   133
